 Dungeon Crawl Stone Soup version 0.30-a0-862-g1aabd4f9c5 (webtiles) character file.

Game seed: 7569751893801243080

15 jimonade the Magician (level 2, -3/23 HPs)
             Began as a Djinni Warper on Mar 8, 2023.
             Frozen to death by an endoplasm (7 damage)
             ... on level 2 of the Dungeon.
             The game lasted 00:01:02 (518 turns).

jimonade the Magician (Djinni Warper)                Turns: 518, Time: 00:01:02

Health: -3/23      AC:  5    Str: 10    XL:     2   Next: 65%
Gold:   67         EV: 10    Int: 14    God:
                   SH:  0    Dex: 12

rFire   + + .      SeeInvis .    a - +1 short sword (flame)
rCold   x . .      Faith    .    (no shield)
rNeg    . . .      Spirit   .    m - +0 ring mail
rPois   ∞          Reflect  .    (no helmet)
rElec   .          Rampage  .    (no cloak)
rCorr   .                        (no gloves)
Will    .....                    (boots unavailable)
Stlth   +                        (no amulet)
HPRegen 0.23/turn                (no ring)
MPRegen 0.00/turn                (no ring)

@: flying
A: sickness immunity, fire resistance 2, cold vulnerability 1, float, innate
caster, HP casting, extra vitality 1
a: no special abilities


You were on level 2 of the Dungeon.
You visited 1 branch of the dungeon, and saw 2 of its levels.

You collected 67 gold pieces.

Inventory:

Hand Weapons
 a - a +1 short sword of flaming (weapon)
 j - a +0 spear
 l - a +0 whip
Missiles
 d - 7 boomerangs of dispersal (quivered)
 h - 3 boomerangs
Armour
 b - a +0 leather armour
 m - a +0 ring mail (worn)
Scrolls
 c - a scroll of blinking
 g - a scroll of teleportation {unknown}
 i - a scroll of poison {unknown}
Potions
 e - a potion of attraction {unknown}
 f - 2 potions of mutation {unknown}
 k - a potion of might {unknown}


   Skills:
 - Level 2.0 Fighting
 - Level 1.5 Polearms
 - Level 0.7 Throwing
 - Level 1.0 Armour
 - Level 2.1 Dodging
 + Level 3.0 Spellcasting


You knew the following spells:

 Your Spells              Type           Power      Damage    Failure   Level
a - Blink                 Tloc           20%        N/A       24%         2
b - Lesser Beckoning      Tloc           20%        N/A       24%         2
c - Vhi's Electric Charg  Tloc/Air       20%        N/A       43%         3
d - Teleport Other        Tloc           10%        N/A       43%         3
e - Manifold Assault      Tloc           10%        N/A       83%         4
Your spell library was empty.

Dungeon Overview and Level Annotations

Branches:
Dungeon (2/15)

Altars:

Annotations:
D:2 Terence


Innate Abilities, Weirdness & Mutations

You are immune to sickness and miasma.
You are immune to poison.
Your flesh is very heat resistant. (rF++)
You are vulnerable to cold. (rC-)
You float through the air rather than walking.
You learn spells naturally, not from books.
Your magical power is your life essence.
You have superior vitality. (+4 MHP)


Message History

You fly downwards.
The ball python hisses angrily.
The goblin shouts!
There is a stone staircase leading up here.
The ball python barely misses you. The ball python grabs you.
You stop ascending the stairs.
The ball python constricts you. The endoplasm barely misses you.
You escape the ball python's grasp.
The ball python bites you but does no damage.
The ball python grabs you.
You stop ascending the stairs.
The ball python constricts you. The goblin hits you but does no damage.
The endoplasm barely misses you.
You barely miss the ball python. The ball python bites you.
The ball python constricts you. The goblin barely misses you.
The endoplasm barely misses you.
Terence the Incautious comes into view.
He is wielding a +4 short sword.
Terence shouts!
You hit the ball python. You burn the ball python.
The ball python is heavily wounded.
The ball python bites you but does no damage.
The ball python constricts you. The endoplasm freezes you.
You are frozen!
You feel a terrible chill! The goblin hits you with a +0 dagger.
You closely miss the ball python.
The ball python is heavily wounded.
The ball python bites you but does no damage.
The ball python constricts you. The goblin hits you with a +0 dagger.
The endoplasm freezes you.
You are frozen!
You feel a terrible chill!
* * * LOW HITPOINT WARNING * * *
You escape the ball python's grasp.
The ball python barely misses you. The ball python grabs you.
You stop ascending the stairs.
The ball python constricts you. The goblin hits you but does no damage.
The endoplasm barely misses you.
There are monsters nearby!
You hit the ball python. You burn the ball python.
You kill the ball python!
The endoplasm freezes you.
You are frozen!
You feel a terrible chill!
You die...

# .# . .# .##
.# .. .## #.
.. #.#.#####.
#.###g........
#...@.@J..#
##...........#
#..#.....##.#
#. ##...## #
##.## .. .# ##


You could see Terence, an endoplasm and a goblin.

Vanquished Creatures
  3 giant cockroaches (D:1)
  A hobgoblin (D:1)
  A quokka (D:1)
  2 ball pythons
  A frilled lizard (D:1)
  2 goblins (D:1)
  4 kobolds (D:1)
  A rat (D:1)
15 creatures vanquished.

Vanquished Creatures (others)
  A fungus (D:1)
  4 plants (D:1)
5 creatures vanquished.

Grand Total: 20 creatures vanquished

Notes
Turn   | Place    | Note
-------+----------+-------------------------------------------
     0 | D:1      | jimonade the Djinni Warper began the quest for the Orb.
     0 | D:1      | jimonade set off with the following spells memorised:
                  | Blink, Lesser Beckoning, Vhi's Electric Charge, Teleport
                  | Other, Manifold Assault.
     0 | D:1      | Reached XP level 1. HP: 18/18 MP: 0/0
   235 | D:1      | Reached XP level 2. HP: 23/23 MP: 0/0
   256 | D:1      | Found a faded altar of an unknown god.
   445 | D:1      | Reached skill level 3 in Spellcasting
   514 | D:2      | Noticed Terence
   518 | D:2      | Frozen to death by an endoplasm

Illustrated notes

Levels and vault maps discovered:
D:1:      moated_graveyard_arrival, layout_rooms,
          shapermc_ecumenical_altar_mp_urbaneastern
D:2:      layout_loops_ring, uniq_terence, uniq_sigmund

Skill      XL: |  1  2 |
---------------+-------+-----
Spellcasting   | 3 |  3.0
Fighting       | |  2.0
Polearms       | |  1.5
Throwing       | |  0.7
Armour         | |  1.0
Dodging        | |  2.1

Action                     || total
---------------------------++-------
  Melee: Spear             ||    45
         Short sword       ||    12
         Punch             ||     1
 Armour: Leather armour    ||    19
         Ring mail         ||     5
  Dodge: Dodged            ||    35

Table legend: (Time is in decaauts)
 A = Elapsed time spent in this place.
 B = Non-inter-level travel time spent in this place.
 C = Inter-level travel time spent in this place.
 D = Time resting spent in this place.
 E = Time spent auto-exploring this place.
 F = Levels seen in this place.
 G = Mean time per level.
                   A        B        C        D        E       F      G
               +--------+--------+--------+--------+--------+-----+--------+
         Total |    518 |    505 |     13 |      0 |    348 |   2 |  259.0 |
       Dungeon |    518 |    505 |     13 |      0 |    348 |   2 |  259.0 |
               +--------+--------+--------+--------+--------+-----+--------+

Top non-repeatable levels by time:
     D:1: 509 daAuts
     D:2: 8 daAuts
